Workbook

Sheet Dépenses
A1: DEMANDE DE PAIEMENT
A2: FONDS EUROPEEN AGRICOLE POUR LE DEVELOPPEMENT RURAL (FEADER)
A3: Version V1.1 décembre 2024 | B3: Soutien aux entreprises équines de demain
A4: Dépenses réalisées (supportées) de l'opération | D4: Veuillez saisir les champs sous fond vert
A6: Identification du demandeur
A7: Nom / Prénom ou Dénomination sociale
A9: Identification de l'opération
A10: Libellé de l'opération
A12: Demande de paiement
A13: Type de paiement * | B13: Solde ou paiement unique | C13: * donnée obligatoire à renseigner
A15: Dépenses d'investissement sur frais réels (sur facture)
F16: Dates de la facture (JJ/MM/AA)
A17: Poste des dépenses sur frais réels | B17: Description de la dépense | C17: Nom de l'entreprise, de la structure émettrice de la facture | D17: N° de facture, et/ou autre n° identifiant le document joint | E17: Montant de la facture HT | F17: Date d'émission | G17: Date d'acquittement /décaissement | H17: Observations / détails
A18: Construction, gros œuvre, terrassement
A19: Aménagements intérieurs bâtiment | E19: 0
A20: Matériel | E20: 0
A21: Haies, alignement d'arbres et agroforesterie | E21: 0
A52: TOTAL PRESENTE (HT) | E52: =SUM(E18:E51) -> 0

Sheet Synthèse à copier dans l'outil
A1: PLAN DE FINANCEMENT DU PROJET | B1: Montant présenté HT | D1: Veuillez saisir les champs sous fond vert
A2: Construction, gros œuvre, terrassement | B2: =SUMIF(Dépenses!$A$15:$E$48,"Construction, gros œuvre, terrassement",Dépenses!$E$15:$E$48) -> 0
A3: Aménagements intérieurs bâtiment | B3: =SUMIF(Dépenses!$A$15:$E$48,"Aménagements intérieurs bâtiment",Dépenses!$E$15:$E$48) -> 0
A4: Matériel | B4: =SUMIF(Dépenses!$A$15:$E$48,"Matériel",Dépenses!$E$15:$E$48) -> 0
A5: Haies, alignement d'arbres et agroforesterie | B5: =SUMIF(Dépenses!$A$15:$E$48,"Haies, alignement d'arbres et agroforesterie",Dépenses!$E$15:$E$48) -> 0
A6: TOTAL DEPENSES PRESENTEES | B6: =SUM(B2:B5) -> 0
A7: Veuillez remplir le "Montant proposé (Montant d'aide PSN)" tel qu'indiqué dans l'article 3 de votre convention "Montant de l’aide régionale et européenne" - Modalités de calcul (ou dans votre dernier avenant si vous êtes concerné) * | C7: * donnée obligatoire à renseigner
A8: Veuillez remplir le "Montant démandé" dans le cadre d'une éventuelle précédente demande de paiement pour ce dossier (saisir 0€ s'il s'agit ici de votre 1ere demande de paiement) * | C8: * donnée obligatoire à renseigner
A9: Veuillez remplir le "Taux (Taux d'aide publique initial)" tel qu'indiqué dans l'article 3 de votre convention "Montant de l’aide régionale et européenne" - Modalités de calcul (ou dans votre dernier avenant si vous êtes concerné) * | C9: * donnée obligatoire à renseigner
A10: FINANCEMENT demandé (Région + FEADER) Attention : ce montant est une estimation et ne prend pas en compte le plafonnement par poste à l'acompte (et dans la limite de 20% maximum par poste au solde) tel que mentionné dans l'article 3 de votre convention "Montant de l’aide régionale et européenne", ce plafonnement sera vérifié / appliqué par la Région lors de l'instruction de votre demande de paiement | B10: =IF(ISBLANK(B9),"Veuillez saisir ci-dessus le Taux (Taux d'aide publique initial)",IF(ISBLANK(Dépenses!B13),"Veuillez renseigner dans la feuille précédente 'Dépenses' le type de paiement",IF(ISBLANK(B7),"Veuillez renseigner ci-dessus le Montant proposé (Montant d'aide PSN) tel qu'indiqué dans votre convention",IF(ISBLANK(B8),"Veuillez renseigner ci-dessus le Montant demandé dans le cadre d'une éventuelle précédente demande de paiement pour ce dossier (saisir 0€ si non concerné)",IF(IF((C10-B8)<0,B7-B8,C10-B8)<0,"Pas de nouvelle demande de paiement possible",E10))))) -> Veuillez saisir ci-dessus le Taux (Taux d'aide publique initial) | C10: =MIN(B6*B9,B7-B8) -> 0 | D10: =IF((C10)<0,B7-B8,C10) -> 0 | E10: =IF(Dépenses!B13="Acompte (demande de paiement intermédiaire)",MIN(B7*0.8-B8,C10),D10) -> 0
B11: =IF(B10<0,"Revoir votre saisie, montant de financement négatif","")

Sheet Instruction Dépense
A1: DEMANDE DE PAIEMENT
A2: FONDS EUROPEEN AGRICOLE POUR LE DEVELOPPEMENT RURAL (FEADER)
A3: =Dépenses!A3 -> Version V1.1 décembre 2024
A4: Dépenses réalisées (supportées) de l'opération
A6: Identification du demandeur
A7: Nom / Prénom ou Dénomination sociale : | B7: =Dépenses!B7 -> 0
A9: Identification de l'opération
A10: Libellé de l'opération | B10: =Dépenses!B10 -> 0
A12: Dépenses d'investissement sur frais réels (sur factures) | I12: Seules les cellules en couleur "abricot" sont modifiables par l'instructeur Attention le montant total peut être revu à la baisse suite à l'instruction mais pas à la hausse, dans ce dernier cas se rapprocher du demandeur pour qu'il remplisse à nouveau ce fichier /!\ Déduire les éventuelles reprises dans la colonne "Montant éligible" et mettre un commentaire /!\
F13: Dates de la facture (JJ/MM/AA) | N13: Dates de la facture (JJ/MM/AA)
A14: Nature des dépenses sur frais réels | B14: Description de la dépense précisée | C14: Nom de l'entreprise, de la structure émettrice du devis | D14: Information sur le justificatif joint et qui permet de l'identifier (ex: N° de devis ) | E14: Montant présenté HT | F14: Date d'émission | G14: Date d'acquittement /décaissement | I14: Nature des dépenses sur frais réels (si le demandeur s'est trompé de poste, sélectionner le bon poste ci-dessous) | J14: Montant éligible | K14: Motif | L14: Commentaire sur la caractère éligible (déduire les reprises le cas echéant) | M14: Montant retenu | N14: Date d'émission | O14: Date d'acquittement /décaissement | P14: Commentaire | Q14: Motif pour l'usager
A15: =Dépenses!A18 -> Construction, gros œuvre, terrassement | B15: =Dépenses!B18 -> 0 | C15: =Dépenses!C18 -> 0 | D15: =Dépenses!D18 -> 0 | E15: =Dépenses!E18 -> 0 | F15: =IF(ISBLANK(Dépenses!F18),"",Dépenses!F18) | G15: =IF(ISBLANK(Dépenses!G18),"",Dépenses!G18) | I15: =A15 -> Construction, gros œuvre, terrassement | J15: =E15 -> 0 | M15: =J15 -> 0 | N15: =F15 | O15: =G15 | R15: =IF(AND(ISBLANK(P15),I15<>0),1,0) -> 1
A16: =Dépenses!A19 -> Aménagements intérieurs bâtiment | B16: =Dépenses!B19 -> 0 | C16: =Dépenses!C19 -> 0 | D16: =Dépenses!D19 -> 0 | E16: =Dépenses!E19 -> 0 | F16: =IF(ISBLANK(Dépenses!F19),"",Dépenses!F19) | G16: =IF(ISBLANK(Dépenses!G19),"",Dépenses!G19) | I16: =A16 -> Aménagements intérieurs bâtiment | J16: =E16 -> 0 | M16: =J16 -> 0 | N16: =F16 | O16: =G16 | R16: =IF(AND(ISBLANK(P16),I16<>0),1,0) -> 1
A17: =Dépenses!A20 -> Matériel | B17: =Dépenses!B20 -> 0 | C17: =Dépenses!C20 -> 0 | D17: =Dépenses!D20 -> 0 | E17: =Dépenses!E20 -> 0 | F17: =IF(ISBLANK(Dépenses!F20),"",Dépenses!F20) | G17: =IF(ISBLANK(Dépenses!G20),"",Dépenses!G20) | I17: =A17 -> Matériel | J17: =E17 -> 0 | M17: =J17 -> 0 | N17: =F17 | O17: =G17 | R17: =IF(AND(ISBLANK(P17),I17<>0),1,0) -> 1
A18: =Dépenses!A21 -> Haies, alignement d'arbres et agroforesterie | B18: =Dépenses!B21 -> 0 | C18: =Dépenses!C21 -> 0 | D18: =Dépenses!D21 -> 0 | E18: =Dépenses!E21 -> 0 | F18: =IF(ISBLANK(Dépenses!F21),"",Dépenses!F21) | G18: =IF(ISBLANK(Dépenses!G21),"",Dépenses!G21) | I18: =A18 -> Haies, alignement d'arbres et agroforesterie | J18: =$E18 -> 0 | M18: =J18 -> 0 | N18: =F18 | O18: =G18 | R18: =IF(AND(ISBLANK(P18),I18<>0),1,0) -> 1
A19: =Dépenses!A22 -> 0 | B19: =Dépenses!B22 -> 0 | C19: =Dépenses!C22 -> 0 | D19: =Dépenses!D22 -> 0 | E19: =Dépenses!E22 -> 0 | F19: =IF(ISBLANK(Dépenses!F22),"",Dépenses!F22) | G19: =IF(ISBLANK(Dépenses!G22),"",Dépenses!G22) | I19: =A19 -> 0 | J19: =$E19 -> 0 | M19: =J19 -> 0 | N19: =F19 | O19: =G19 | R19: =IF(AND(ISBLANK(P19),I19<>0),1,0) -> 0
A20: =Dépenses!A23 -> 0 | B20: =Dépenses!B23 -> 0 | C20: =Dépenses!C23 -> 0 | D20: =Dépenses!D23 -> 0 | E20: =Dépenses!E23 -> 0 | F20: =IF(ISBLANK(Dépenses!F23),"",Dépenses!F23) | G20: =IF(ISBLANK(Dépenses!G23),"",Dépenses!G23) | I20: =A20 -> 0 | J20: =$E20 -> 0 | M20: =J20 -> 0 | N20: =F20 | O20: =G20 | R20: =IF(AND(ISBLANK(P20),I20<>0),1,0) -> 0
A21: =Dépenses!A24 -> 0 | B21: =Dépenses!B24 -> 0 | C21: =Dépenses!C24 -> 0 | D21: =Dépenses!D24 -> 0 | E21: =Dépenses!E24 -> 0 | F21: =IF(ISBLANK(Dépenses!F24),"",Dépenses!F24) | G21: =IF(ISBLANK(Dépenses!G24),"",Dépenses!G24) | I21: =A21 -> 0 | J21: =$E21 -> 0 | M21: =J21 -> 0 | N21: =F21 | O21: =G21 | R21: =IF(AND(ISBLANK(P21),I21<>0),1,0) -> 0
A22: =Dépenses!A25 -> 0 | B22: =Dépenses!B25 -> 0 | C22: =Dépenses!C25 -> 0 | D22: =Dépenses!D25 -> 0 | E22: =Dépenses!E25 -> 0 | F22: =IF(ISBLANK(Dépenses!F25),"",Dépenses!F25) | G22: =IF(ISBLANK(Dépenses!G25),"",Dépenses!G25) | I22: =A22 -> 0 | J22: =$E22 -> 0 | M22: =J22 -> 0 | N22: =F22 | O22: =G22 | R22: =IF(AND(ISBLANK(P22),I22<>0),1,0) -> 0
A23: =Dépenses!A26 -> 0 | B23: =Dépenses!B26 -> 0 | C23: =Dépenses!C26 -> 0 | D23: =Dépenses!D26 -> 0 | E23: =Dépenses!E26 -> 0 | F23: =IF(ISBLANK(Dépenses!F26),"",Dépenses!F26) | G23: =IF(ISBLANK(Dépenses!G26),"",Dépenses!G26) | I23: =A23 -> 0 | J23: =$E23 -> 0 | M23: =J23 -> 0 | N23: =F23 | O23: =G23 | R23: =IF(AND(ISBLANK(P23),I23<>0),1,0) -> 0
A24: =Dépenses!A27 -> 0 | B24: =Dépenses!B27 -> 0 | C24: =Dépenses!C27 -> 0 | D24: =Dépenses!D27 -> 0 | E24: =Dépenses!E27 -> 0 | F24: =IF(ISBLANK(Dépenses!F27),"",Dépenses!F27) | G24: =IF(ISBLANK(Dépenses!G27),"",Dépenses!G27) | I24: =A24 -> 0 | J24: =$E24 -> 0 | M24: =J24 -> 0 | N24: =F24 | O24: =G24 | R24: =IF(AND(ISBLANK(P24),I24<>0),1,0) -> 0
A25: =Dépenses!A28 -> 0 | B25: =Dépenses!B28 -> 0 | C25: =Dépenses!C28 -> 0 | D25: =Dépenses!D28 -> 0 | E25: =Dépenses!E28 -> 0 | F25: =IF(ISBLANK(Dépenses!F28),"",Dépenses!F28) | G25: =IF(ISBLANK(Dépenses!G28),"",Dépenses!G28) | I25: =A25 -> 0 | J25: =$E25 -> 0 | M25: =J25 -> 0 | N25: =F25 | O25: =G25 | R25: =IF(AND(ISBLANK(P25),I25<>0),1,0) -> 0
A26: =Dépenses!A29 -> 0 | B26: =Dépenses!B29 -> 0 | C26: =Dépenses!C29 -> 0 | D26: =Dépenses!D29 -> 0 | E26: =Dépenses!E29 -> 0 | F26: =IF(ISBLANK(Dépenses!F29),"",Dépenses!F29) | G26: =IF(ISBLANK(Dépenses!G29),"",Dépenses!G29) | I26: =A26 -> 0 | J26: =$E26 -> 0 | M26: =J26 -> 0 | N26: =F26 | O26: =G26 | R26: =IF(AND(ISBLANK(P26),I26<>0),1,0) -> 0
A27: =Dépenses!A30 -> 0 | B27: =Dépenses!B30 -> 0 | C27: =Dépenses!C30 -> 0 | D27: =Dépenses!D30 -> 0 | E27: =Dépenses!E30 -> 0 | F27: =IF(ISBLANK(Dépenses!F30),"",Dépenses!F30) | G27: =IF(ISBLANK(Dépenses!G30),"",Dépenses!G30) | I27: =A27 -> 0 | J27: =$E27 -> 0 | M27: =J27 -> 0 | N27: =F27 | O27: =G27 | R27: =IF(AND(ISBLANK(P27),I27<>0),1,0) -> 0
A28: =Dépenses!A31 -> 0 | B28: =Dépenses!B31 -> 0 | C28: =Dépenses!C31 -> 0 | D28: =Dépenses!D31 -> 0 | E28: =Dépenses!E31 -> 0 | F28: =IF(ISBLANK(Dépenses!F31),"",Dépenses!F31) | G28: =IF(ISBLANK(Dépenses!G31),"",Dépenses!G31) | I28: =A28 -> 0 | J28: =$E28 -> 0 | M28: =J28 -> 0 | N28: =F28 | O28: =G28 | R28: =IF(AND(ISBLANK(P28),I28<>0),1,0) -> 0
A29: =Dépenses!A32 -> 0 | B29: =Dépenses!B32 -> 0 | C29: =Dépenses!C32 -> 0 | D29: =Dépenses!D32 -> 0 | E29: =Dépenses!E32 -> 0 | F29: =IF(ISBLANK(Dépenses!F32),"",Dépenses!F32) | G29: =IF(ISBLANK(Dépenses!G32),"",Dépenses!G32) | I29: =A29 -> 0 | J29: =$E29 -> 0 | M29: =J29 -> 0 | N29: =F29 | O29: =G29 | R29: =IF(AND(ISBLANK(P29),I29<>0),1,0) -> 0
... A48: =Dépenses!A51 -> 0 | B48: =Dépenses!B51 -> 0 | C48: =Dépenses!C51 -> 0 | D48: =Dépenses!D51 -> 0 | E48: =Dépenses!E51 -> 0 | F48: =IF(ISBLANK(Dépenses!F51),"",Dépenses!F51) | G48: =IF(ISBLANK(Dépenses!G51),"",Dépenses!G51) | I48: =A48 -> 0 | J48: =$E48 -> 0 | M48: =J48 -> 0 | N48: =F48 | O48: =G48 | R48: =IF(AND(ISBLANK(P48),I48<>0),1,0) -> 0
E49: =SUM(E15:E48) -> 0 | J49: =SUM(J15:J48) -> 0 | M49: =SUM(M15:M48) -> 0
R50: =SUM(R15:R49) -> 4
E52: HT | K52: HT
A53: TOTAL DEPENSES PREVISIONNELLES PRESENTEES | E53: =E49 -> 0 | J53: Assiette FEADER retenue | K53: =M49 -> 0 | L53: =IF(J49<M49,"ERREUR Mt total éligible inférieur au Mt total éligible raisonnable","")
L54: =IF(E49<J49,"ERREUR Mt total éligible supérieur au Mt total présenté","")

Sheet Synthèse à instruire
B1: Seules les cellules en couleur "abricot" sont modifiables par l'instructeur
A2: PLAN DE FINANCEMENT DU PROJET | B2: Montant instruit HT | C2: Données servant au calcul à instruire | D2: Commentaires éventuels
A3: Construction, gros œuvre, terrassement | B3: =SUMIF('Instruction Dépense'!$I$15:$M$48,"Construction, gros œuvre, terrassement",'Instruction Dépense'!$M$15:$M$48) -> 0
A4: Aménagements intérieurs bâtiment | B4: =SUMIF('Instruction Dépense'!$I$15:$M$48,"Aménagements intérieurs bâtiment",'Instruction Dépense'!$M$15:$M$48) -> 0
A5: Matériel | B5: =SUMIF('Instruction Dépense'!$I$15:$M$48,"Matériel",'Instruction Dépense'!$M$15:$M$48) -> 0
A6: Haies, alignement d'arbres et agroforesterie | B6: =SUMIF('Instruction Dépense'!$I$15:$M$48,"Haies, alignement d'arbres et agroforesterie",'Instruction Dépense'!$M$15:$M$48) -> 0
A7: TOTAL DEPENSES ELIGIBLES | B7: =SUM(B3:B6) -> 0
A8: Montant proposé (Montant d'aide PSN) : | B8: ='Synthèse à copier dans l''outil'!B7 -> 0 | C8: =B8 -> 0
A9: Montant démandé dans le cadre d'une précédente demande de paiement pour ce dossier (si concerné) | B9: ='Synthèse à copier dans l''outil'!B8 -> 0 | C9: =B9 -> 0
A10: Taux d'aide prévu | B10: ='Synthèse à copier dans l''outil'!B9 -> 0 | C10: =B10 -> 0
A11: FINANCEMENT demandé (Région + FEADER) /!\ ce montant est une estimation et ne prend pas en compte l'éventuel plafonnement par poste (dans la limite de 20% par poste), ce plafonnement sera vérifié / appliqué pour ce dossier dans votre espace Agent lors du calcul de l'aide | B11: ='Synthèse à copier dans l''outil'!B10 -> Veuillez saisir ci-dessus le Taux (Taux d'aide publique initial) | C11: =IF(Dépenses!B13="Acompte (demande de paiement intermédiaire)",MIN(C8*0.8-C9,F11),F11) -> 0 | E11: =MIN(B7*C10,C8-C9) -> 0 | F11: =IF(E11<0,C8-C9,E11) -> 0
A12: Montant Région | B12: =IF(ISERROR(0.4*B11),"",0.4*B11) | C12: =IF(ISERROR(0.4*C11),"",0.4*C11) -> 0
A13: Montant FEADER | B13: =IF(ISERROR(0.6*B11),"",0.6*B11) | C13: =IF(ISERROR(0.6*C11),"",0.6*C11) -> 0
C15: =IF(C11<0,"Revoir votre saisie, montant de financement négatif","")
C18: =IF(C14<0,"Revoir votre saisie, montant de financement négatif","")

Sheet Recap Usager
A1: Récapitulatif des dépenses retenues
A2: FONDS EUROPEEN AGRICOLE POUR LE DEVELOPPEMENT RURAL (FEADER)
A3: =Dépenses!B3 -> Soutien aux entreprises équines de demain
A4: Identification du demandeur
A5: Nom / Prénom ou Dénomination sociale | B5: =Dépenses!B7 -> 0
A7: Identification de l'opération
A8: Libellé de l'opération | B8: =Dépenses!B10 -> 0
A10: Dépenses réalisées de l'opération éligibles et retenues
A11: Nature des dépenses | B11: Description de la dépense précisée | C11: Montant retenu
A12: =IF(D12="inéligible","",'Instruction Dépense'!I15) | B12: =IF(D12="inéligible","",'Instruction Dépense'!$B15) | C12: ='Instruction Dépense'!$M15 -> 0 | D12: =IF(C12=0,"inéligible","éligible") -> inéligible
A13: =IF(D13="inéligible","",'Instruction Dépense'!I16) | B13: =IF(D13="inéligible","",'Instruction Dépense'!$B16) | C13: ='Instruction Dépense'!$M16 -> 0 | D13: =IF(C13=0,"inéligible","éligible") -> inéligible
A14: =IF(D14="inéligible","",'Instruction Dépense'!I17) | B14: =IF(D14="inéligible","",'Instruction Dépense'!$B17) | C14: ='Instruction Dépense'!$M17 -> 0 | D14: =IF(C14=0,"inéligible","éligible") -> inéligible
A15: =IF(D15="inéligible","",'Instruction Dépense'!I18) | B15: =IF(D15="inéligible","",'Instruction Dépense'!$B18) | C15: ='Instruction Dépense'!$M18 -> 0 | D15: =IF(C15=0,"inéligible","éligible") -> inéligible
A16: =IF(D16="inéligible","",'Instruction Dépense'!I19) | B16: =IF(D16="inéligible","",'Instruction Dépense'!$B19) | C16: ='Instruction Dépense'!$M19 -> 0 | D16: =IF(C16=0,"inéligible","éligible") -> inéligible
A17: =IF(D17="inéligible","",'Instruction Dépense'!I20) | B17: =IF(D17="inéligible","",'Instruction Dépense'!$B20) | C17: ='Instruction Dépense'!$M20 -> 0 | D17: =IF(C17=0,"inéligible","éligible") -> inéligible
A18: =IF(D18="inéligible","",'Instruction Dépense'!I21) | B18: =IF(D18="inéligible","",'Instruction Dépense'!$B21) | C18: ='Instruction Dépense'!$M21 -> 0 | D18: =IF(C18=0,"inéligible","éligible") -> inéligible
A19: =IF(D19="inéligible","",'Instruction Dépense'!I22) | B19: =IF(D19="inéligible","",'Instruction Dépense'!$B22) | C19: ='Instruction Dépense'!$M22 -> 0 | D19: =IF(C19=0,"inéligible","éligible") -> inéligible
A20: =IF(D20="inéligible","",'Instruction Dépense'!I23) | B20: =IF(D20="inéligible","",'Instruction Dépense'!$B23) | C20: ='Instruction Dépense'!$M23 -> 0 | D20: =IF(C20=0,"inéligible","éligible") -> inéligible
A21: =IF(D21="inéligible","",'Instruction Dépense'!I24) | B21: =IF(D21="inéligible","",'Instruction Dépense'!$B24) | C21: ='Instruction Dépense'!$M24 -> 0 | D21: =IF(C21=0,"inéligible","éligible") -> inéligible
A22: =IF(D22="inéligible","",'Instruction Dépense'!I25) | B22: =IF(D22="inéligible","",'Instruction Dépense'!$B25) | C22: ='Instruction Dépense'!$M25 -> 0 | D22: =IF(C22=0,"inéligible","éligible") -> inéligible
A23: =IF(D23="inéligible","",'Instruction Dépense'!I26) | B23: =IF(D23="inéligible","",'Instruction Dépense'!$B26) | C23: ='Instruction Dépense'!$M26 -> 0 | D23: =IF(C23=0,"inéligible","éligible") -> inéligible
... A45: =IF(D45="inéligible","",'Instruction Dépense'!I48) | B45: =IF(D45="inéligible","",'Instruction Dépense'!$B48) | C45: ='Instruction Dépense'!$M48 -> 0 | D45: =IF(C45=0,"inéligible","éligible") -> inéligible
A47: Liste des dépenses partiellement ou totalement inéligibles non retenues
A48: Nature des dépenses | B48: Description de la dépense précisée | C48: Montant de la dépense non retenue | D48: Motif
A49: =IF(C49>0,'Instruction Dépense'!I15,"") | B49: =IF(C49>0,'Instruction Dépense'!B15,"") | C49: =SUM(_xlfn.IFS('Instruction Dépense'!E15='Instruction Dépense'!J15,"0",'Instruction Dépense'!E15>'Instruction Dépense'!J15,IMSUB('Instruction Dépense'!E15,'Instruction Dépense'!J15)),_xlfn.IFS('Instruction Dépense'!J15='Instruction Dépense'!M15,"0",'Instruction Dépense'!J15>'Instruction Dépense'!M15,IMSUB('Instruction Dépense'!J15,'Instruction Dépense'!M15))) -> 0 | D49: =IF(C49>0,'Instruction Dépense'!Q15,"") | E49: =IF(C12=0,"inéligible","éligible") -> inéligible
A50: =IF(C50>0,'Instruction Dépense'!I16,"") | B50: =IF(C50>0,'Instruction Dépense'!B16,"") | C50: =SUM(_xlfn.IFS('Instruction Dépense'!E16='Instruction Dépense'!J16,"0",'Instruction Dépense'!E16>'Instruction Dépense'!J16,IMSUB('Instruction Dépense'!E16,'Instruction Dépense'!J16)),_xlfn.IFS('Instruction Dépense'!J16='Instruction Dépense'!M16,"0",'Instruction Dépense'!J16>'Instruction Dépense'!M16,IMSUB('Instruction Dépense'!J16,'Instruction Dépense'!M16))) -> 0 | D50: =IF(C50>0,'Instruction Dépense'!Q16,"") | E50: =IF(C13=0,"inéligible","éligible") -> inéligible
A51: =IF(C51>0,'Instruction Dépense'!I17,"") | B51: =IF(C51>0,'Instruction Dépense'!B17,"") | C51: =SUM(_xlfn.IFS('Instruction Dépense'!E17='Instruction Dépense'!J17,"0",'Instruction Dépense'!E17>'Instruction Dépense'!J17,IMSUB('Instruction Dépense'!E17,'Instruction Dépense'!J17)),_xlfn.IFS('Instruction Dépense'!J17='Instruction Dépense'!M17,"0",'Instruction Dépense'!J17>'Instruction Dépense'!M17,IMSUB('Instruction Dépense'!J17,'Instruction Dépense'!M17))) -> 0 | D51: =IF(C51>0,'Instruction Dépense'!Q17,"") | E51: =IF(C14=0,"inéligible","éligible") -> inéligible
A52: =IF(C52>0,'Instruction Dépense'!I18,"") | B52: =IF(C52>0,'Instruction Dépense'!B18,"") | C52: =SUM(_xlfn.IFS('Instruction Dépense'!E18='Instruction Dépense'!J18,"0",'Instruction Dépense'!E18>'Instruction Dépense'!J18,IMSUB('Instruction Dépense'!E18,'Instruction Dépense'!J18)),_xlfn.IFS('Instruction Dépense'!J18='Instruction Dépense'!M18,"0",'Instruction Dépense'!J18>'Instruction Dépense'!M18,IMSUB('Instruction Dépense'!J18,'Instruction Dépense'!M18))) -> 0 | D52: =IF(C52>0,'Instruction Dépense'!Q18,"") | E52: =IF(C15=0,"inéligible","éligible") -> inéligible
A53: =IF(C53>0,'Instruction Dépense'!I19,"") | B53: =IF(C53>0,'Instruction Dépense'!B19,"") | C53: =SUM(_xlfn.IFS('Instruction Dépense'!E19='Instruction Dépense'!J19,"0",'Instruction Dépense'!E19>'Instruction Dépense'!J19,IMSUB('Instruction Dépense'!E19,'Instruction Dépense'!J19)),_xlfn.IFS('Instruction Dépense'!J19='Instruction Dépense'!M19,"0",'Instruction Dépense'!J19>'Instruction Dépense'!M19,IMSUB('Instruction Dépense'!J19,'Instruction Dépense'!M19))) -> 0 | D53: =IF(C53>0,'Instruction Dépense'!Q19,"") | E53: =IF(C16=0,"inéligible","éligible") -> inéligible
A54: =IF(C54>0,'Instruction Dépense'!I20,"") | B54: =IF(C54>0,'Instruction Dépense'!B20,"") | C54: =SUM(_xlfn.IFS('Instruction Dépense'!E20='Instruction Dépense'!J20,"0",'Instruction Dépense'!E20>'Instruction Dépense'!J20,IMSUB('Instruction Dépense'!E20,'Instruction Dépense'!J20)),_xlfn.IFS('Instruction Dépense'!J20='Instruction Dépense'!M20,"0",'Instruction Dépense'!J20>'Instruction Dépense'!M20,IMSUB('Instruction Dépense'!J20,'Instruction Dépense'!M20))) -> 0 | D54: =IF(C54>0,'Instruction Dépense'!Q20,"") | E54: =IF(C17=0,"inéligible","éligible") -> inéligible
A55: =IF(C55>0,'Instruction Dépense'!I21,"") | B55: =IF(C55>0,'Instruction Dépense'!B21,"") | C55: =SUM(_xlfn.IFS('Instruction Dépense'!E21='Instruction Dépense'!J21,"0",'Instruction Dépense'!E21>'Instruction Dépense'!J21,IMSUB('Instruction Dépense'!E21,'Instruction Dépense'!J21)),_xlfn.IFS('Instruction Dépense'!J21='Instruction Dépense'!M21,"0",'Instruction Dépense'!J21>'Instruction Dépense'!M21,IMSUB('Instruction Dépense'!J21,'Instruction Dépense'!M21))) -> 0 | D55: =IF(C55>0,'Instruction Dépense'!Q21,"") | E55: =IF(C18=0,"inéligible","éligible") -> inéligible
A56: =IF(C56>0,'Instruction Dépense'!I22,"") | B56: =IF(C56>0,'Instruction Dépense'!B22,"") | C56: =SUM(_xlfn.IFS('Instruction Dépense'!E22='Instruction Dépense'!J22,"0",'Instruction Dépense'!E22>'Instruction Dépense'!J22,IMSUB('Instruction Dépense'!E22,'Instruction Dépense'!J22)),_xlfn.IFS('Instruction Dépense'!J22='Instruction Dépense'!M22,"0",'Instruction Dépense'!J22>'Instruction Dépense'!M22,IMSUB('Instruction Dépense'!J22,'Instruction Dépense'!M22))) -> 0 | D56: =IF(C56>0,'Instruction Dépense'!Q22,"") | E56: =IF(C19=0,"inéligible","éligible") -> inéligible
A57: =IF(C57>0,'Instruction Dépense'!I23,"") | B57: =IF(C57>0,'Instruction Dépense'!B23,"") | C57: =SUM(_xlfn.IFS('Instruction Dépense'!E23='Instruction Dépense'!J23,"0",'Instruction Dépense'!E23>'Instruction Dépense'!J23,IMSUB('Instruction Dépense'!E23,'Instruction Dépense'!J23)),_xlfn.IFS('Instruction Dépense'!J23='Instruction Dépense'!M23,"0",'Instruction Dépense'!J23>'Instruction Dépense'!M23,IMSUB('Instruction Dépense'!J23,'Instruction Dépense'!M23))) -> 0 | D57: =IF(C57>0,'Instruction Dépense'!Q23,"") | E57: =IF(C20=0,"inéligible","éligible") -> inéligible
A58: =IF(C58>0,'Instruction Dépense'!I24,"") | B58: =IF(C58>0,'Instruction Dépense'!B24,"") | C58: =SUM(_xlfn.IFS('Instruction Dépense'!E24='Instruction Dépense'!J24,"0",'Instruction Dépense'!E24>'Instruction Dépense'!J24,IMSUB('Instruction Dépense'!E24,'Instruction Dépense'!J24)),_xlfn.IFS('Instruction Dépense'!J24='Instruction Dépense'!M24,"0",'Instruction Dépense'!J24>'Instruction Dépense'!M24,IMSUB('Instruction Dépense'!J24,'Instruction Dépense'!M24))) -> 0 | D58: =IF(C58>0,'Instruction Dépense'!Q24,"") | E58: =IF(C21=0,"inéligible","éligible") -> inéligible
A59: =IF(C59>0,'Instruction Dépense'!I25,"") | B59: =IF(C59>0,'Instruction Dépense'!B25,"") | C59: =SUM(_xlfn.IFS('Instruction Dépense'!E25='Instruction Dépense'!J25,"0",'Instruction Dépense'!E25>'Instruction Dépense'!J25,IMSUB('Instruction Dépense'!E25,'Instruction Dépense'!J25)),_xlfn.IFS('Instruction Dépense'!J25='Instruction Dépense'!M25,"0",'Instruction Dépense'!J25>'Instruction Dépense'!M25,IMSUB('Instruction Dépense'!J25,'Instruction Dépense'!M25))) -> 0 | D59: =IF(C59>0,'Instruction Dépense'!Q25,"") | E59: =IF(C22=0,"inéligible","éligible") -> inéligible
A60: =IF(C60>0,'Instruction Dépense'!I26,"") | B60: =IF(C60>0,'Instruction Dépense'!B26,"") | C60: =SUM(_xlfn.IFS('Instruction Dépense'!E26='Instruction Dépense'!J26,"0",'Instruction Dépense'!E26>'Instruction Dépense'!J26,IMSUB('Instruction Dépense'!E26,'Instruction Dépense'!J26)),_xlfn.IFS('Instruction Dépense'!J26='Instruction Dépense'!M26,"0",'Instruction Dépense'!J26>'Instruction Dépense'!M26,IMSUB('Instruction Dépense'!J26,'Instruction Dépense'!M26))) -> 0 | D60: =IF(C60>0,'Instruction Dépense'!Q26,"") | E60: =IF(C23=0,"inéligible","éligible") -> inéligible
... A82: =IF(C82>0,'Instruction Dépense'!I48,"") | B82: =IF(C82>0,'Instruction Dépense'!B48,"") | C82: =SUM(_xlfn.IFS('Instruction Dépense'!E48='Instruction Dépense'!J48,"0",'Instruction Dépense'!E48>'Instruction Dépense'!J48,IMSUB('Instruction Dépense'!E48,'Instruction Dépense'!J48)),_xlfn.IFS('Instruction Dépense'!J48='Instruction Dépense'!M48,"0",'Instruction Dépense'!J48>'Instruction Dépense'!M48,IMSUB('Instruction Dépense'!J48,'Instruction Dépense'!M48))) -> 0 | D82: =IF(C82>0,'Instruction Dépense'!Q48,"") | E82: =IF(C45=0,"inéligible","éligible") -> inéligible

Sheet Référentiel
A1: Postedes dépenses cout réel
A2: Construction, gros œuvre, terrassement
A3: Aménagements intérieurs bâtiment
A4: Matériel
A5: Haies, alignement d'arbres et agroforesterie
A6: Type de paiement | B6: IF
A7: Acompte (demande de paiement intermédiaire) | B7: Oui démarche enclenchée
A8: Solde ou paiement unique | B8: Oui démarche prévue
B9: Non
B10: Je ne sais pas encore
A20: Motifs instruction
A21: Début éligibilité non respectée
A22: Objet de la dépense non éligible
A23: Déjà financé par ailleurs (double financement partiel ou total)
A24: Facture non conforme (ne contenant pas le minimum requis)
A25: Non prévu dans la convention attributive d'aide
A26: Erreur de saisie manifeste de l'usager
A27: Autres (commentaire obligatoire)
